 Dungeon Crawl Stone Soup version 0.28-a0-973-ga7f8b01127 (webtiles) character file.

Game seed: 2131780560769388214

822 vurker the Cleaver (level 7, -2/64 HPs)
             Began as a Minotaur Fighter on Dec 1, 2021.
             Was a Believer of Cheibriados.
             Killed by divine providence
             ... invoked by an orc priest
              (12 damage)
             ... on level 5 of the Dungeon.
             The game lasted 00:03:13 (3379 turns).

vurker the Cleaver (Minotaur Fighter)               Turns: 3379, Time: 00:03:14

Health: -2/64      AC:  6    Str: 28    XL:     7   Next: 63%
Magic:  6/7        EV: 10    Int: 10    God:    Cheibriados [**....]
Gold:   174        SH:  6    Dex: 20    Spells: 6/6 levels left

rFire   . . .      SeeInvis .   a - +0 war axe
rCold   . . .      Faith    .   c - +0 buckler
rNeg    . . .      Spirit   .   b - +0 scale mail
rPois   .          Reflect  .   (helmet restricted)
rElec   .          Harm     .   (no cloak)
rCorr   .          Rampage  .   (no gloves)
Will    .....                   (no boots)
Stlth   ..........              (no amulet)
HPRegen 0.20/turn               x - +6 ring of dexterity
MPRegen 0.10/turn               (no ring)

@: very slow
A: horns 2, retaliatory headbutt
a: Renounce Religion, Bend Time


You were on level 5 of the Dungeon.
You worshipped Cheibriados.
Cheibriados was pleased with you.
You visited 1 branch of the dungeon, and saw 5 of its levels.

You collected 174 gold pieces.

Inventory:

Hand Weapons
 a - a +0 war axe (weapon)
Armour
 b - a +0 scale mail (worn)
 c - a +0 buckler (worn)
Jewellery
 x - a +6 ring of dexterity (left hand)
   (You found it on level 4 of the Dungeon)
Wands
 s - a wand of polymorph (11)
   (You found it on level 3 of the Dungeon)
Scrolls
 f - a scroll of blinking {unknown}
 g - 3 scrolls of enchant armour {unknown}
 i - 4 scrolls of fear {unknown}
 j - 3 scrolls of identify {unknown}
 k - a scroll of amnesia {unknown}
 l - a scroll of teleportation {unknown}
 o - a scroll of noise {unknown}
 p - a scroll of acquirement {unknown}
 q - a scroll of holy word {unknown}
 t - a scroll of torment {unknown}
 w - a scroll of magic mapping {unknown}
 y - a scroll of brand weapon {unknown}
Potions
 d - a potion of might
 e - a potion of flight {unknown}
 h - a potion of resistance {unknown}
 m - 2 potions of haste {unknown}
 n - a potion of magic {unknown}
 r - a potion of attraction {unknown}
 u - a potion of degeneration {unknown}
 v - a potion of curing {unknown}


   Skills:
 + Level 6.7 Fighting
 * Level 8.5 Axes
 - Level 3.6 Armour
 - Level 4.0 Shields
 + Level 1.6 Invocations


You had 6 spell levels left.
You didn't know any spells.
Your spell library was empty.

Dungeon Overview and Level Annotations

Branches:
Dungeon (5/15)
 Temple: D:4-7

Altars:
Cheibriados
Qazlal

Shops:
D:2 (

Annotations:
D:5 2 runed translucent doors, anonymous's ghost, novice MfTm


Innate Abilities, Weirdness & Mutations

You have a pair of horns on your head.
You reflexively headbutt those who attack you in melee.


Message History

You kill the adder!
Cheibriados appreciates the change of pace.
Your life force feels restored.
You see here an adder corpse.
You hit the quokka but do no damage. You headbutt the quokka.
You block the quokka's attack.
You hit the quokka. The quokka barely misses you.
The quokka bites you but does no damage.
You closely miss the quokka. You headbutt the quokka.
You kill the quokka!
Cheibriados appreciates the change of pace.
No target in view!
No target in view!
No target in view!
No target in view!
No target in view!
An ice beast comes into view.
An ice beast is nearby!
An ice beast is nearby!
The adder hisses angrily.
An orc priest comes into view. It is wielding a +0 dagger.
The orc priest shouts!
You hear a shout!
An orc comes into view. It is wielding a +0 hand axe.
The ice beast hits you. The ice beast freezes you! The ice beast hits you.
The ice beast freezes you.
The orc moves out of view.
You slash the ice beast! The ice beast hits you. The ice beast freezes you!
* * * LOW HITPOINT WARNING * * *
You slash the ice beast!
The ice beast hits you but does no damage.
You hit the ice beast.
You headbutt the ice beast, but do no damage.
You block the ice beast's attack.
You slash the ice beast!
You kill the ice beast!
Cheibriados thoroughly appreciates the change of pace.
Cheibriados raises the support of your attributes as your movement slows.
The orc priest mumbles some strange prayers to Beogh against you.
Pain shoots through your body!
* * * LOW HITPOINT WARNING * * *
The orc priest hits you with a +0 dagger.
* * * LOW HITPOINT WARNING * * *
The orc priest hits you with a +0 dagger.
* * * LOW HITPOINT WARNING * * *
You slash the orc priest! Your headbutt misses the orc priest.
The orc priest hits you but does no damage.
You hit the orc priest but do no damage.
You headbutt the orc priest.
The orc priest calls down the wrath of Beogh upon you.
Beogh smites you!
You die...

#######...#..#........
......................
.#####...#.###........
[.[........# #........
..[.........##........
.............#........
.###########...#######
.#WSr≈≈≈≈≈S#.......#####
.+S≈≈≈)≈≈rS+.?..@.......
.#r≈≈≈≈≈≈≈r#.....o..####
############..#.....#
...#######... .#. ###.#
. .. # .


You could see an orc priest, 2 adders, a river rat and a rat.

Vanquished Creatures
  Grinder (D:3)
  An ice beast (D:5)
  A phantom (D:4)
  A bullfrog (D:3)
  A scorpion (D:4)
  A jelly (D:4)
  A hound (D:4)
  An iguana (D:2)
  Natasha (thrice) (D:3)
  2 orc wizards (D:5)
  5 adders
  An ufetubus (D:5)
  A worm (D:2)
  3 dart slugs
  10 orcs
  9 endoplasms
  A giant cockroach (D:2)
  7 goblins
  2 hobgoblins (D:2)
  2 jackals (D:1)
  6 kobolds
  7 quokkas
  5 ball pythons
  5 bats
  5 frilled lizards
  A jackal skeleton (D:4)
  5 rats
88 creatures vanquished.

Vanquished Creatures (others)
  2 withered plants (D:3)
2 creatures vanquished.

Grand Total: 90 creatures vanquished

Notes
Turn   | Place    | Note
-------+----------+-------------------------------------------
     0 | D:1      | vurker the Minotaur Fighter began the quest for the Orb.
     0 | D:1      | Reached XP level 1. HP: 19/19 MP: 0/0
   165 | D:1      | Reached skill level 3 in Axes
   165 | D:1      | Reached XP level 2. HP: 27/27 MP: 1/1
   447 | D:1      | Reached XP level 3. HP: 33/33 MP: 2/2
   784 | D:2      | Found Neutam's Weapon Shoppe.
   822 | D:2      | Reached skill level 4 in Axes
   867 | D:2      | Reached XP level 4. HP: 37/41 MP: 3/3
  1203 | D:3      | Noticed Natasha
  1210 | D:3      | Killed Natasha
  1211 | D:3      | Reached skill level 5 in Axes
  1246 | D:3      | You fall into a shaft and drop 2 floors!
  1246 | D:5      | Entered Level 5 of the Dungeon
  1306 | D:5      | Found a runed translucent door.
  1389 | D:5      | Reached XP level 5. HP: 30/47 MP: 4/4
  1393 | D:5      | Reached skill level 5 in Fighting
  1462 | D:5      | Noticed anonymous's ghost (novice MfTm)
  1596 | D:4      | Reached skill level 6 in Axes
  1836 | D:3      | Reached XP level 6. HP: 43/56 MP: 5/5
  1943 | D:3      | Found a faded altar of an unknown god.
  1957 | D:3      | Prayed at the altar of an unknown god.
  1957 | D:3      | Became a worshipper of Cheibriados the Contemplative
  1957 | D:3      | Reached * piety under Cheibriados
  2042 | D:3      | Noticed Grinder
  2049 | D:3      | Killed Grinder
  2050 | D:3      | Reached skill level 7 in Axes
  2074 | D:3      | Noticed Natasha
  2079 | D:3      | Killed Natasha
  2080 | D:3      | Reached XP level 7. HP: 50/63 MP: 6/6
  2082 | D:3      | Noticed Natasha
  2086 | D:3      | Killed Natasha
  2669 | D:4      | Found a stormy altar of Qazlal.
  2688 | D:4      | Reached skill level 8 in Axes
  2688 | D:4      | Reached skill level 1 in Invocations
  2886 | D:4      | Reached ** piety under Cheibriados
  3369 | D:5      | Found a runed translucent door.
  3379 | D:5      | Killed from afar by an orc priest

Illustrated notes

Levels and vault maps discovered:
D:1:      wander_arrival_chamber, layout_rooms
D:2:      layout_rooms, serial_shops, shop
D:3:      layout_loops_cross, ebering_ecumenical_altar_petrified,
          kennysheep_doodads, uniq_natasha, uniq_grinder
D:4:      layout_loops_ring, mainiacjoe_overflow_boulevard
D:5:      layout_rooms, minmay_temple_entry_waves, ebering_ghost_sewer_f

Skill      XL: |  1  2  3  4  5  6  7 |
---------------+----------------------+-----
Axes           | 3 4 5 6 7 8 |  8.5
Shields        | 4 |  4.0
Fighting       | 4 5 6 |  6.7
Invocations    | 1 |  1.6
Armour         | |  3.6

Action                   |  1- 3 |  4- 6 |  7- 9 || total
-------------------------+-------+-------+-------++-------
Melee: War axe           |    82 |    83 |    68 ||   233
       Headbutt          |     9 |    12 |    11 ||    32
Armor: Scale mail        |    39 |    40 |    27 ||   106
Dodge: Dodged            |    45 |    39 |    25 ||   109
Block: Buckler           |    13 |    19 |    14 ||    46

Table legend: (Time is in decaauts)
 A = Elapsed time spent in this place.
 B = Non-inter-level travel time spent in this place.
 C = Inter-level travel time spent in this place.
 D = Time resting spent in this place.
 E = Time spent auto-exploring this place.
 F = Levels seen in this place.
 G = Mean time per level.
                   A        B        C        D        E       F      G
               +--------+--------+--------+--------+--------+-----+--------+
         Total |   3862 |   3731 |    131 |     83 |   3013 |   5 |  772.4 |
       Dungeon |   3862 |   3731 |    131 |     83 |   3013 |   5 |  772.4 |
               +--------+--------+--------+--------+--------+-----+--------+

Top non-repeatable levels by time:
     D:4: 1283 daAuts
     D:3: 1063 daAuts
     D:1: 644 daAuts
     D:2: 588 daAuts
     D:5: 282 daAuts
